 Dungeon Crawl Stone Soup version 0.29.1-15-g9cfb28693d (webtiles) character file.

Game seed: 12562658815857740841

5272 Berahthraban the Destroyer (level 10, -5/70 HPs)
             Began as a Human Conjurer on Apr 8, 2023.
             Was a Believer of Sif Muna.
             Slain by a basilisk (6 damage)
             ... while petrified by a basilisk
             ... on level 1 of the Lair of Beasts.
             The game lasted 01:35:24 (10122 turns).

Berahthraban the Destroyer (Human Conjurer)        Turns: 10122, Time: 01:35:24

Health: -5/70      AC:  6    Str:  7    XL:     10   Next: 94%
Magic:  7/19       EV:  2    Int: 23    God:    Sif Muna [**....]
Gold:   269        SH:  0    Dex: 12    Spells: 11/21 levels left

rFire   . . .      SeeInvis .   l - staff of conjuration
rCold   . . .      Faith    .   (no shield)
rNeg    + + +      Spirit   .   F - +1 leather armour {rN+}
rPois   ∞          Reflect  .   (helmet restricted)
rElec   .          Harm     .   (no cloak)
rCorr   +          Rampage  .   t - +1 pair of gloves
Will    .....                   (no boots)
Stlth   ++........              j - amulet of the acrobat
HPRegen 0.21/turn               A - ring of resist corrosion
MPRegen 0.16/turn               (no ring)

@: petrified
A: horns 1, sense surroundings 1
a: Renounce Religion, Channel Magic


You were on level 1 of the Lair of Beasts.
You worshipped Sif Muna.
Sif Muna was pleased with you.
You visited 2 branches of the dungeon, and saw 9 of its levels.

You collected 467 gold pieces.
You spent 198 gold pieces at shops.

Inventory:

Hand Weapons
 r - a +3 club
 w - a +2 hand axe of draining
 G - a +2 short sword of venom
Missiles
 v - a throwing net
Armour
 t - a +1 pair of gloves (worn)
 F - a +1 leather armour of positive energy (worn)
 H - a +2 ring mail of poison resistance
Magical Staves
 l - a staff of conjuration (weapon)
Jewellery
 j - an amulet of the acrobat (around neck)
 x - a ring of wizardry
 A - a ring of resist corrosion (left hand)
Wands
 d - a wand of flame (16)
 m - a wand of paralysis (3)
 u - a wand of roots (10)
 z - a wand of digging (11)
 E - a wand of mindburst (7)
Scrolls
 c - 4 scrolls of enchant armour
 f - 2 scrolls of immolation {unknown}
 g - 2 scrolls of fog
 h - a scroll of fear
 i - 2 scrolls of poison
 k - 3 scrolls of noise {unknown}
 n - a scroll of identify
 q - 2 scrolls of amnesia {unknown}
 s - 2 scrolls of teleportation {unknown}
 y - a scroll of torment
 C - a scroll of vulnerability {unknown}
Potions
 a - a potion of flight
 b - 4 potions of magic
 e - 3 potions of curing
 o - a potion of brilliance
 p - a potion of mutation
 B - a potion of berserk rage
 D - 2 potions of might


   Skills:
 - Level 3.0 Fighting
 - Level 3.0 Staves
 - Level 4.0 Armour
 - Level 6.0 Dodging
 - Level 2.0 Stealth
 - Level 6.0 Spellcasting
 - Level 9.2 Conjurations
 - Level 3.0 Hexes
 + Level 7.8 Invocations


You had 11 spell levels left.
You knew the following spells:

 Your Spells              Type           Power      Damage    Failure   Level
a - Iskenderun's Mystic   Conj/Tloc      42%        2d10      19%         4
f - Dazzling Flash        Conj/Hex       100%       N/A       3%          3
u - Searing Ray           Conj           100%       2d8       1%          2
z - Magic Dart            Conj           100%       1d8       1%          1

Your spell library contained the following spells:

 Spells                   Type           Power      Damage    Failure   Level
 Shock                    Conj/Air       100%       1d9       1%          1
 Fulminant Prism          Conj/Hex       25%        3d14      10%         4
 Gell's Gravitas          Tloc           6%         N/A       36%         3
 Swiftness                Air            6%         N/A       36%         3
 Teleport Other           Tloc           6%         N/A       36%         3
 Airstrike                Air            3%         2d(1-17)  77%         4
 Dispersal                Tloc           3%         N/A       100%        6


Dungeon Overview and Level Annotations

Branches:
Dungeon (8/15)             Temple (0/1) D:7            Lair (1/5) D:8

Altars:
Ashenzari
Cheibriados
Elyvilon
Makhleb
Sif Muna
Trog
Xom

Shops:
D:2 (?=?

Annotations:
D:1 cleared
D:2 cleared
D:3 cleared
D:4 cleared
D:5 cleared
D:6 otherwise cleared, exclusion: electric eel
D:7 cleared, exclusion: 2 downstairs
D:8 cyclops, otherwise cleared, exclusion: downstairs


Innate Abilities, Weirdness & Mutations

You have a pair of small horns on your head.
You passively map a small area around you.


Message History

The basilisk gazes at you. You resist with some effort.
The searing ray hits the basilisk!
The basilisk is heavily wounded.
You feel sick. The basilisk misses you.
The searing ray hits the basilisk!
The basilisk is severely wounded.
You finish channelling your searing ray.
You feel sick. The basilisk bites you!
* * * LOW HITPOINT WARNING * * *
You feel better. The basilisk gazes at you. You resist with some effort.
Aiming: Paralyse
Press: ? - help, Shift-Dir - straight line, f/p - basilisk
Aim: a basilisk (severely wounded, chance to affect: 49%)
The basilisk resists with some effort.
The basilisk gazes at you.
You are slowing down.
Aiming: Paralyse
Press: ? - help, Shift-Dir - straight line, f/p - basilisk
Aim: a basilisk (severely wounded, chance to affect: 49%)
The basilisk resists with some effort.
The basilisk closely misses you.
Your limbs are stiffening.
Aiming: Paralyse
Press: ? - help, Shift-Dir - straight line, f/p - basilisk
Aim: a basilisk (severely wounded, chance to affect: 49%)
The basilisk resists with some effort.
The basilisk bites you!
* * * LOW HITPOINT WARNING * * *
The basilisk gazes at you.
Your limbs have turned to stone.
You have turned to stone.
The basilisk gazes at you. You resist with some effort.
The basilisk bites you but does no damage.
The basilisk bites you.
* * * LOW HITPOINT WARNING * * *
The basilisk bites you!
* * * LOW HITPOINT WARNING * * *
The basilisk bites you!
You die...

#* ###
###.###.#######*
* ,
,...............
,
...............,
../...l@.......
,,
,......†........
,
...............
,
...^...........
...............
,
...............
###..########.#
* * ### *## *


You could see a basilisk.

Vanquished Creatures
  Prince Ribbit (D:6)
  2 wyverns (D:8)
  5 yaks (D:8)
  2 steam dragons
  An orc warrior (D:8)
  2 water moccasins
  2 ogres
  2 black bears
  4 ice beasts
  2 centaurs (D:8)
  A kobold brigand (D:8)
  A phantom (D:6)
  A gnoll sergeant (D:8)
  2 scorpions
  4 bullfrogs
  A necrophage (D:5)
  6 wights
  A killer bee (D:8)
  5 howler monkeys
  A hound (D:7)
  6 orc priests
  An iron imp (D:8)
  A gnoll bouda (D:4)
  3 iguanas
  Ijyb (D:3)
  7 orc wizards
  12 gnolls
  9 adders
  2 white imps
  3 worms
  5 dart slugs
  40 orcs
  4 ball pythons
  4 bats
  6 endoplasms
  9 giant cockroaches
  7 goblins
  7 hobgoblins
  2 jackals (D:3)
  4 quokkas
  2 frilled lizards (D:3)
  5 kobolds
  5 rats
191 creatures vanquished.

Vanquished Creatures (collateral kills)
  A two-headed ogre (D:8)
1 creature vanquished.

Vanquished Creatures (others)
  A bullfrog (D:8)
  11 plants (D:6)
12 creatures vanquished.

Grand Total: 204 creatures vanquished

Notes
Turn   | Place    | Note
-------+----------+-------------------------------------------
     0 | D:1      | Berahthraban the Human Conjurer began the quest for the
                  | Orb.
     0 | D:1      | Reached XP level 1. HP: 13/13 MP: 3/3
   453 | D:1      | Reached XP level 2. HP: 19/19 MP: 1/5
   789 | D:1      | Reached XP level 3. HP: 22/24 MP: 3/6
  1032 | D:2      | Found Lareuxod's Magic Scroll Boutique.
  1138 | D:2      | Found Geok's Weapon Boutique.
  1211 | D:2      | Found Ovusagyi's Jewellery Boutique.
  1318 | D:2      | Bought a scroll of identify for 20 gold pieces
  1318 | D:2      | Bought a scroll of identify for 20 gold pieces
  1362 | D:1      | Learned a level 2 spell: Searing Ray
  1446 | D:2      | Reached XP level 4. HP: 23/30 MP: 1/8
  1791 | D:2      | Found Wur Meh's Magic Scroll Emporium.
  1806 | D:2      | Bought a scroll of identify for 26 gold pieces
  2092 | D:3      | Reached skill level 5 in Conjurations
  2170 | D:3      | Reached XP level 5. HP: 35/35 MP: 5/10
  2276 | D:3      | Noticed Ijyb
  2279 | D:3      | Paralysed by Ijyb for 2 turns
  2291 | D:3      | Killed Ijyb
  2472 | D:3      | Found a burning altar of Makhleb.
  3176 | D:4      | Paralysed by a gnoll for 5 turns
  3184 | D:4      | Reached XP level 6. HP: 39/41 MP: 3/12
  3354 | D:4      | Noticed a black bear
  3733 | D:4      | Reached skill level 6 in Conjurations
  3878 | D:5      | Entered Level 5 of the Dungeon
  3883 | D:4      | Gained mutation: You passively map a small area around you.
                  | [potion of mutation]
  3883 | D:4      | Gained mutation: You have a pair of small horns on your
                  | head. [potion of mutation]
  4178 | D:5      | Reached XP level 7. HP: 46/46 MP: 9/14
  4205 | D:4      | Reached skill level 5 in Spellcasting
  4545 | D:5      | Found a shimmering blue altar of Sif Muna.
  4546 | D:5      | Found a white marble altar of Elyvilon.
  4555 | D:5      | Became a worshipper of Sif Muna the Loreminder
  4696 | D:5      | Reached skill level 1 in Armour
  4705 | D:5      | Reached XP level 8. HP: 52/52 MP: 9/17
  4757 | D:5      | Found a broken altar of Ashenzari.
  5421 | D:6      | Noticed Prince Ribbit
  5428 | D:6      | Killed Prince Ribbit
  5429 | D:6      | Reached skill level 1 in Fighting
  5429 | D:6      | Reached skill level 1 in Staves
  5569 | D:6      | Reached * piety under Sif Muna
  5796 | D:6      | Found a bloodstained altar of Trog.
  6111 | D:6      | Reached XP level 9. HP: 62/62 MP: 13/18
  6446 | D:7      | Reached skill level 5 in Dodging
  6581 | D:7      | Reached skill level 7 in Conjurations
  6646 | D:7      | Learned a level 3 spell: Dazzling Flash
  6662 | D:7      | Found a staircase to the Ecumenical Temple.
  6734 | D:7      | Reached skill level 1 in Hexes
  7602 | D:2      | Bought a scroll of identify for 20 gold pieces
  7602 | D:2      | Bought a scroll of identify for 20 gold pieces
  7602 | D:2      | Bought a scroll of identify for 20 gold pieces
  7602 | D:2      | Bought a scroll of identify for 20 gold pieces
  7653 | D:2      | Bought a scroll of identify for 26 gold pieces
  7653 | D:2      | Bought a scroll of identify for 26 gold pieces
  7879 | D:8      | Noticed a two-headed ogre
  7912 | D:8      | Killed a two-headed ogre
  7913 | D:8      | Reached skill level 8 in Conjurations
  7913 | D:8      | Reached skill level 9 in Conjurations
  7913 | D:8      | Reached XP level 10. HP: 52/70 MP: 19/19
  7953 | D:7      | Learned a level 4 spell: Iskenderun's Mystic Blast
  8227 | D:8      | Reached skill level 1 in Invocations
  8500 | D:8      | Found a shimmering altar of Xom.
  8501 | D:8      | Found a staircase to the Lair.
  8544 | D:8      | Reached ** piety under Sif Muna
  8666 | D:8      | Noticed a cyclops
  8871 | D:8      | Reached skill level 5 in Invocations
  9117 | D:8      | Found a snail-covered altar of Cheibriados.
  9725 | Lair:1   | Entered Level 1 of the Lair of Beasts
 10113 | Lair:1   | HP: 1/70 [basilisk (13)]
 10121 | Lair:1   | HP: 1/70 [basilisk (4)]
 10122 | Lair:1   | Slain by a basilisk

Illustrated notes

Levels and vault maps discovered:
D:1:      roderic_lyre, layout_basic
D:2:      layout_rooms, serial_shops, shop, shop, shop, shop
D:3:      layout_loops_ring, mainiacjoe_overflow_catwalk, uniq_ijyb
D:4:      layout_gridville
D:5:      layout_loops_ring, nicolae_overflow_crystal_walls,
          chequers_temple_overflow_statue_of_worship,
          kennysheep_opposing_triangles
D:6:      layout_loops_ring, mainiacjoe_overflow_paths, kennysheep_doodads,
          serial_bayou_lagoon_b, uniq_prince_ribbit1
D:7:      layout_cave_pods, minmay_temple_entry_ruins
D:8:      layout_loops_ring, slow_altar_2, xom_confusion_cloud, lair_entry_dummy
Lair:1:   layout_big_grid, uniq_sonja

Skill      XL: |  1  2  3  4  5  6  7  8  9 10 |
---------------+-------------------------------+-----
Spellcasting   | 3 4 6 |  6.0
Conjurations   | 5 6 9 |  9.2
Armour         | 1 3 4 |  4.0
Dodging        | 4 6 |  6.0
Fighting       | 2 3 |  3.0
Staves         | 2 3 |  3.0
Hexes          | 3 |  3.0
Invocations    | 7 |  7.8
Stealth        | |  2.0

Action                   |  1- 3 |  4- 6 |  7- 9 | 10-12 || total
-------------------------+-------+-------+-------+-------++-------
Melee: Trident           |    31 |     2 |       |       ||    33
       Staff             |       |    33 |     5 |       ||    38
       Headbutt          |       |     2 |     1 |       ||     3
 Cast: Magic Dart        |    57 |    66 |    57 |     4 ||   184
       Searing Ray       |       |    32 |    51 |    32 ||   115
       Dazzling Flash    |       |       |     3 |     2 ||     5
Evoke: Wand              |       |     1 |     7 |     8 ||    16
  Use: Scroll            |     4 |     4 |     7 |       ||    15
       Potion            |       |     5 |     1 |     2 ||     8
 Stab: Sleeping          |     5 |       |       |       ||     5
Armor: Robe              |     4 |     8 |       |       ||    12
       Leather armour    |       |     7 |       |     9 ||    16
       Skin              |       |     1 |       |       ||     1
Dodge: Dodged            |    28 |    33 |    28 |    52 ||   141
